 Dungeon Crawl Stone Soup version 0.31-a0-1074-g0b22e4e0f1 (webtiles) character file.

Game seed: 2776025805885949528

1693 croobank the Ruffian (level 9, -2/61 HPs)
             Began as an Octopode Shapeshifter on Dec 7, 2023.
             Was an Initiate of Ashenzari.
             Slain by a troll (8 damage)
             ... on level 5 of the Dungeon.
             The game lasted 00:10:31 (5113 turns).

croobank the Ruffian (Octopode Shapeshifter)        Turns: 5113, Time: 00:10:31

Health: -2/61      AC:  8    Str: 20    XL:     9   Next: 2%
Magic:  18/18      EV: 14    Int: 17    God:    Ashenzari [......]
Gold:   101        SH:  0    Dex:  9    Spells: 8/8 levels left

rFire   + . .        m - +4 spear "Kiekk" {protect, rCorr Int+3}
rCold   . . .        (no shield)
rNeg    . . .        (helmet currently unavailable)
rPois   .            (no amulet)
rElec   .            s - ring of magical power
rCorr   +            g - ring of protection from fire
SInv    .            F - ring of the Wild Blue Yonder {Str+6, Dev, Cun} (curse)
Will    .....        (no ring)
Stlth   ++           (no ring)
HPRegen 0.30/turn    (no ring)
MPRegen 0.16/turn    (no ring)
                     (no ring)

%: random rage (3%)
@: beast-form, under a protective aura
A: beast (slay +3), almost no armour, amphibious, 8 rings, camouflage 1,
gelatinous body 1, (nimble swimmer 1), tentacles, berserk 1, clumsy 1, dopey 1
a: Begin Untransformation, Renounce Religion, Curse Item, Shatter the Chains


You were on level 5 of the Dungeon.
You worshipped Ashenzari.
Ashenzari was noncommittal.
You were a hulking beast.
You visited 2 branches of the dungeon, and saw 6 of its levels.

You collected 215 gold pieces.
You spent 114 gold pieces at shops.

Inventory:

Hand Weapons
 d - a +0 trident
 h - a +1 sling of draining
 m - the +4 spear "Kiekk" (weapon) {protect, rCorr Int+3}
   (You found it on level 2 of the Dungeon)

   Int+3:     It affects your intelligence (+3).
   rCorr:     It protects you from acid and corrosion.
 n - a +1 falchion of protection
 t - a +2 dagger of venom
Missiles
 k - 11 curare-tipped darts
 C - 2 boomerangs
Magical Staves
 p - a staff of conjuration
Jewellery
 g - a ring of protection from fire (right tentacle)
 s - a ring of magical power (left tentacle)
 F - the cursed ring of the Wild Blue Yonder (on tentacle) {Str+6, Dev, Cun}
   (You found it on level 5 of the Dungeon)

   [ring of strength]

   Str+6:     It affects your strength (+6).
   It has a curse which improves the following skills: Devices: Evocations and
   Shapeshifting.
   Cunning:   Dodging and Stealth.
Talismans
 b - a beast talisman
 c - a flux talisman
 r - a flux talisman
Wands
 z - a wand of polymorph (5)
 G - a wand of quicksilver (9)
Scrolls
 e - a scroll of enchant armour {unknown}
 f - a scroll of silence {unknown}
 i - a scroll of blinking {unknown}
 l - 2 scrolls of vulnerability {unknown}
 o - a scroll of enchant weapon {unknown}
 q - 2 scrolls of amnesia {unknown}
 u - a scroll of poison {unknown}
 y - 2 scrolls of fear {unknown}
 B - 2 scrolls of fog {unknown}
 E - a scroll of teleportation
Potions
 j - a potion of invisibility
 v - 3 potions of curing
 x - a potion of haste


   Skills:
 + Level 5.5 Fighting
 + Level 5.8(6.2) Dodging
 + Level 6.3 Unarmed Combat
 + Level 5.9(6.3) Shapeshifting


You had 8 spell levels left.
You didn't know any spells.
Your spell library contained the following spells:

 Spells                   Type           Power      Damage    Failure   Level
 Apportation              Tloc           0%         N/A       24%         1
 Necrotise                Necr           0%         1d4       24%         1
 Summon Small Mammal      Summ           0%         N/A       24%         1
 Summon Ice Beast         Ice/Summ       0%         N/A       93%         4
 Summon Mana Viper        Hex/Summ       0%         N/A       100%        5
 Monstrous Menagerie      Summ           0%         N/A       100%        7


Dungeon Overview and Level Annotations

Branches:
Dungeon (5/15)             Temple (1/1) D:5

Altars:
Ashenzari
Cheibriados
Dithmenos
Hepliaklqana
Kikubaaqudgha
Makhleb
Nemelex Xobeh
Okawaru
Qazlal
Ru
Sif Muna
Trog
Uskayaw
Vehumet
Wu Jian
Xom
Yredelemnul
Zin
The Shining One

Annotations:
D:2 1 runed translucent door, Crazy Yiuf
D:4 1 runed translucent door, GreenGuy14's ghost, amateur MiFi


Innate Abilities, Weirdness & Mutations

You are a hulking beast.
Your limbs bulge with bestial killing power. (Slay +3)
You cannot wear most types of armour.
You are amphibious.
You can wear up to eight rings at the same time.
Your skin changes colour to match your surroundings (Stealth+).
Your rubbery body absorbs attacks. (AC +1, EV +1)
((You are camouflaged when in or above water. (Stealth+)))
You have tentacles for arms and can constrict up to eight enemies at once.
You sometimes lose your temper in combat.
You are clumsy. (Dex -2)
You are dopey. (Int -2)


Message History

Aim: a troll (moderately wounded)
Okay, then.
Throw: throwing net
Press: ? - help, Q - select action, (/) - cycle Shift-Dir - straight line, f - troll
Aim: a troll (moderately wounded, 57% to hit)
You throw a throwing net. The throwing net hits the troll.
The troll is caught in the net!
The troll is moderately wounded.
The troll struggles against the net.
You catch the helpless troll completely off-guard!
You puncture the troll!
The troll is severely wounded.
The troll struggles against the net.
You hit the troll.
The troll is severely wounded.
The troll struggles against the net.
You hit the troll but do no damage.
The troll is severely wounded.
The troll struggles against the net.
You puncture the troll!
The troll is almost dead.
The troll struggles against the net.
You hit the troll but do no damage.
You squeeze the troll, but do no damage.
The troll is almost dead.
The troll struggles against the net.
The net rips apart, and the troll comes free!
You completely miss the troll.
The troll is almost dead.
The troll closely misses you. The troll claws you.
* * * LOW HITPOINT WARNING * * *
The troll completely misses you.
You closely miss the troll.
The troll is severely wounded.
The troll barely misses you. The troll closely misses you. The troll claws you.
* * * LOW HITPOINT WARNING * * *
You feel better. The troll bites you.
* * * LOW HITPOINT WARNING * * *
The troll claws you!
You die...

###......# #..##.#..#Y..#..#.
##.......# #...###..#..o#..##
.........# #.....####.f.####.
.........## ##.......##'##....
..........## ##................
...........#####.......T.........
............##.......O...........
..########.......)#..............
...## ###....h##..............
...[# ##.....T...............
....#######...#..................
#............#####...............
##...........# ###.............
##..........# #.............
##..###.....# #.........###.
#..## ####..# ##........#~~~
##..# #..## #........#~#.


You could see a troll.

Vanquished Creatures
  Duvessa (D:5)
  3 water moccasins (D:5)
  2 black bears (D:5)
  2 ogres (D:5)
  A phantom (D:5)
  Blork the orc (D:5)
  2 scorpions
  A wight (D:5)
  Dowan (D:5)
  A howler monkey (D:5)
  A jelly (D:5)
  A gnoll bouda (D:4)
  3 hounds
  A sleepcap (D:5)
  3 iguanas
  Robin (D:2)
  8 gnolls
  4 adders
  A white imp (D:5)
  An ufetubus (D:5)
  4 worms
  3 dart slugs
  14 orcs
  6 ball pythons
  7 endoplasms
  6 giant cockroaches
  12 goblins
  9 hobgoblins
  6 jackals
  2 quokkas
  5 bats
  2 frilled lizards (D:1)
  9 kobolds
  2 rats (D:2)
126 creatures vanquished.

Notes
Turn   | Place    | Note
-------+----------+-------------------------------------------
     0 | D:1      | croobank the Octopode Shapeshifter began the quest for the
                  | Orb.
     0 | D:1      | Reached XP level 1. HP: 13/13 MP: 1/1
    62 | D:1      | Reached XP level 2. HP: 13/18 MP: 2/2
   309 | D:1      | Reached XP level 3. HP: 23/23 MP: 3/3
   486 | D:2      | Identified the +4 spear "Kiekk" {protect, rCorr Int+3}
   550 | D:2      | Reached XP level 4. HP: 12/29 MP: 4/4
   871 | D:2      | Noticed Robin
   879 | D:2      | Killed Robin
  1270 | D:2      | Reached XP level 5. HP: 35/35 MP: 5/5
  2092 | D:2      | Found a runed translucent door.
  2093 | D:2      | Noticed Crazy Yiuf
  2123 | D:3      | Found a stormy altar of Qazlal.
  2479 | D:3      | Reached skill level 4 in Unarmed Combat
  2579 | D:3      | Found a sacrificial altar of Ru.
  2827 | D:4      | Reached XP level 6. HP: 41/41 MP: 6/6
  2907 | D:4      | Found a transporter.
  2967 | D:4      | Found a runed translucent door.
  2973 | D:4      | Noticed GreenGuy14's ghost (amateur MiFi)
  3031 | D:4      | Found Beqah's Assorted Antiques.
  3033 | D:4      | Found a transporter.
  3044 | D:4      | Bought a scroll labelled UCOBOSHR YCZIU for 21 gold pieces
  3044 | D:4      | Bought a glowing grey potion for 18 gold pieces
  3044 | D:4      | Bought a green potion for 18 gold pieces
  3044 | D:4      | Bought a glowing grey potion for 18 gold pieces
  3044 | D:4      | Bought a scroll labelled VULEPU ATHEICE for 21 gold pieces
  3044 | D:4      | Bought a glowing grey potion for 18 gold pieces
  3174 | D:5      | Entered Level 5 of the Dungeon
  3281 | D:5      | Found a staircase to the Ecumenical Temple.
  3293 | Temple   | Entered the Ecumenical Temple
  3301 | Temple   | Became a worshipper of Ashenzari the Shackled
  3327 | D:5      | Reached XP level 7. HP: 37/46 MP: 7/7
  3551 | D:5      | Noticed Dowan
  3552 | D:5      | Noticed Duvessa
  3575 | D:5      | Gained mutation: You are dopey. (Int -2) [potion of
                  | mutation]
  3575 | D:5      | Gained mutation: You are clumsy. (Dex -2) [potion of
                  | mutation]
  3575 | D:5      | Gained mutation: You sometimes lose your temper in combat.
                  | [potion of mutation]
  3578 | D:5      | Killed Duvessa
  3579 | D:5      | Reached skill level 5 in Unarmed Combat
  3585 | D:5      | Killed Dowan
  3780 | D:5      | Reached skill level 5 in Shapeshifting
  3780 | D:5      | Reached XP level 8. HP: 54/54 MP: 8/8
  4069 | D:5      | Reached skill level 5 in Dodging
  4360 | D:5      | Reached skill level 5 in Fighting
  4476 | D:5      | Noticed Blork the orc
  4486 | D:5      | Killed Blork the orc
  4487 | D:5      | Reached skill level 6 in Unarmed Combat
  4984 | D:5      | Found a shimmering blue altar of Sif Muna.
  5084 | D:5      | Noticed a troll
  5103 | D:5      | Reached XP level 9. HP: 40/61 MP: 9/9
  5112 | D:5      | HP: 3/61 [troll (4)]
  5113 | D:5      | Slain by a troll

Illustrated notes

Levels and vault maps discovered:
D:1:      lightli_arrival_maybe_door_vault, layout_basic
D:2:      layout_basic, uniq_robin, uniq_crazy_yiuf_cottage
D:3:      layout_rooms, nicolae_ru_path_of_blood, grunt_qazlal_clouds
D:4:      layout_rooms, serial_shops, nicolae_shop_drivethru,
          ebering_ghost_sewer_d, st_stairs_4
D:5:      layout_layer_cave, led_sif_pool, minmay_temple_entry_water_ring,
          minmay_divided_ellipse, uniq_blork_the_orc, uniq_duvessa
Temple:   nicolae_temple_x_marks_the_god

Skill      XL: |  1  2  3  4  5  6  7  8 |
---------------+-------------------------+-----
Fighting       | 2 3 4 5 |  5.5
Dodging        | 3 4 5 |  5.8
Unarmed Combat | 4 5 6 |  6.3
Shapeshifting  | 4 5 |  5.9

Action                     |  1- 3 |  4- 6 |  7- 9 || total
---------------------------+-------+-------+-------++-------
  Melee: Unarmed           |    31 |       |       ||    31
         Constrict         |    10 |    39 |    14 ||    63
         Tentacles         |     5 |    24 |    19 ||    48
         Punch             |     1 |     3 |       ||     4
         Spear             |    20 |   163 |   100 ||   283
   Fire: Sling             |     8 |       |       ||     8
  Throw: Throwing net      |       |       |     1 ||     1
 Invoke: Curse Item        |       |       |     1 ||     1
    Use: Potion            |     1 |       |     7 ||     8
         Scroll            |       |     3 |     2 ||     5
   Stab: Sleeping          |     3 |    10 |     1 ||    14
         Distracted        |       |     1 |       ||     1
         Held in net/web   |       |       |     1 ||     1
 Armour: Skin              |    46 |    55 |    92 ||   193
  Dodge: Dodged            |    36 |    88 |    58 ||   182

Table legend: (Time is in decaauts)
 A = Elapsed time spent in this place.
 B = Non-inter-level travel time spent in this place.
 C = Inter-level travel time spent in this place.
 D = Time resting spent in this place.
 E = Time spent auto-exploring this place.
 F = Levels seen in this place.
 G = Mean time per level.
                   A        B        C        D        E       F      G
               +--------+--------+--------+--------+--------+-----+--------+
         Total |   5174 |   5089 |     85 |   1781 |   2379 |   6 |  862.3 |
       Dungeon |   5157 |   5080 |     77 |   1781 |   2379 |   5 | 1031.4 |
        Temple |     16 |      8 |      8 |      0 |      0 |   1 |   16.0 |
               +--------+--------+--------+--------+--------+-----+--------+

Top non-repeatable levels by time:
     D:5: 1968 daAuts
     D:2: 1713 daAuts
     D:3: 577 daAuts
     D:4: 482 daAuts
     D:1: 416 daAuts
  Temple: 16 daAuts
